cohdb
Replays
Latest Replays
All Replays
Popular Replays
Top Player Replays
Match Explorer
How It Works
Community
CoH3 Stats
Reddit
Sign in to upload your games and track your stats! →
Sign in with Steam
Match 44804276
Unlisted
Match 44804276
Overview
Messages
Build Orders
End
Kettenkrad Recon Vehicle
Construct Infanterie Kompanie
MG 42 Machine Gun Team
Grenadier Squad
Grenadier Squad
Construct Panzergrenadier Kompanie
Construct Panzergrenadier Kompanie
Selects Mechanized Battlegroup
251 Medium Carrier
Selects Mobile Repair Stations
Panzergrenadier Officer Quarters
Panzergrenadier Squad
Selects Mobile Repair Stations
Construct Panzer Kompanie
Selects Raid Package
Sturmpanzer IV Brummbär
Selects StuG Assault Group
Selects UNKNOWN (2160084)
Panther Heavy Tank
Forward Retreat Point
Medical Bunker
Panzer Officer Quarters
Panther Heavy Tank
Sturmpanzer IV Brummbär
Selects Wespe Self-propelled Artillery
Selects Zeroing Artillery Barrage
棉袜拖鞋
ssd4184
mostwantx
Gardening Pudding
Dreamerpython
matrix4x4
pürfekt
Diane丶霸王
0
0
Comments
sign in to comment!
No comments posted yet!